 Dungeon Crawl Stone Soup version 0.16-a0-129-gbf5829b (webtiles) character file.

588 Ololoev the Basher (level 7, -3/66 HPs)
             Began as an Ogre Gladiator on Aug 13, 2014.
             Was an Initiate of Gozag.
             Killed by divine providence
             ... invoked by an orc priest
              (16 damage)
             ... on Level 5 of the Dungeon.
             The game lasted 00:13:16 (4507 turns).

Ololoev the Basher (Ogre Gladiator)                 Turns: 4507, Time: 00:13:16

HP  -3/66        AC  4     Str 23      XL: 7   Next: 38%
MP   9/9         EV 10     Int  7      God: Gozag
Gold 39          SH  0     Dex 10      Spells:  0 memorised,  6 levels left

rFire  . . .     SeeInvis .     a - +0 flail
rCold  . . .     Clarity  .     b - +0 animal skin
rNeg   + . .     rCorr    .     (shield restricted)
rPois  .         rRot     .     c - +0 hat
rElec  .         Spirit   .     v - +0 cloak
SustAb .         Warding  .     (gloves unavailable)
rMut   .         Stasis   .     (boots unavailable)
Gourm  +                        j - amulet of the gourmand
MR     .....                    (no ring)
                                y - ring of positive energy

@: not resistant to hostile enchantments, very unstealthy
A: unfitting armour, tough skin 1
a: Potion Petition, Call Merchant, Bribe Branch, Renounce Religion


You were on level 5 of the Dungeon.
You worshipped Gozag.
Gozag was noncommittal.
You were full.

You visited 1 branch of the dungeon, and saw 5 of its levels.

You collected 255 gold pieces.
You paid 216 gold pieces to Gozag.

Inventory:

Hand weapons
 a - a +0 flail (weapon)
Missiles
 d - 2 throwing nets (quivered)
Armour
 b - a +0 animal skin (worn)
 c - a +0 hat (worn)
 v - a +0 cloak (worn)
Comestibles
 f - 5 meat rations
 m - 2 bread rations
 q - 2 slices of pizza
 r - a royal jelly
 u - 4 fruits
 A - a beef jerky
Scrolls
 e - 2 scrolls of amnesia {unknown}
 g - 4 scrolls of remove curse
 i - 5 scrolls of teleportation
 l - a scroll of fear {unknown}
 p - 3 scrolls of enchant armour
 t - 2 scrolls of magic mapping {unknown}
 B - 3 scrolls of recharging {unknown}
 C - 3 scrolls of immolation
Jewellery
 j - an amulet of the gourmand (around neck)
 y - a ring of positive energy (left hand)
Potions
 h - 2 potions of agility {unknown}
 k - 5 potions of curing
 n - 2 potions of might {unknown}
 o - 2 potions of mutation {unknown}
 s - a potion of lignification {unknown}
 w - a potion of restore abilities {unknown}
 x - a potion of cancellation {unknown}
 z - a potion of beneficial mutation {unknown}
 D - a potion of porridge
 E - 2 potions of heal wounds {unknown}
 F - a potion of magic {unknown}


   Skills:
 - Level 2.6 Fighting
 * Level 10.3 Maces & Flails
 - Level 2.1 Throwing
 - Level 2.6 Dodging
 - Level 1.8 Evocations


You had 6 spell levels left.
You didn't know any spells.

Dungeon Overview and Level Annotations

Branches:
Dungeon (5/15)
 Temple: D:4-7

Altars:
Gozag
Makhleb

Shops:
D:5 *


Innate Abilities, Weirdness & Mutations

You are too large for most types of armour.
You have tough skin (AC +1).


Message History

[c] - 140 gold - might, agility and lignification [d] - 100 gold - porridge Purchase which effect? [a] - 312 gold - heal wounds, haste and agility [b] - 340 gold - resistance, invisibility, agility and decay [c] - 140 gold - might, agility and lignification [d] - 100 gold - porridge Purchase which effect?
You no longer have enough gold to petition Gozag for potion effects.
That potion was really gluggy!
The goblin hits you with a dagger.
* * * LOW HITPOINT WARNING * * *
The orc priest mumbles some strange prayers to Beogh against you.
You struggle to resist.
Something hits you but does no damage.
Drink which item? (? for menu, Esc to quit)
You feel better. The goblin hits you with a dagger.
* * * LOW HITPOINT WARNING * * *
The orc priest invokes the aid of Beogh against you.
Something smites you!
You die...
Your body crumbles into a pile of gold.

##∩#.#..............
#. ####
#..............
...##...##.......#....
#.......#.........#
..........#.......#
#....#..........#
#....<$.....#.###
#....o.$)#....#
#....g@.......#
#......#......#
#.#.#.........# #
#......###### #.......
#........ ##.....###
....... ...


You could see an orc priest and a goblin.

Vanquished Creatures
  2 ogres (D:4)
  2 hounds (D:4)
  5 orc wizards
  Terence (D:2)
  3 gnolls
  5 adders
  3 worms
  2 giant mites (D:4)
  An adder skeleton (D:4)
  4 giant geckos
  An ooze (D:3)
  6 orcs
  A bat skeleton (D:4)
  12 goblins
  10 hobgoblins
  5 jackals (D:2)
  5 quokkas
  A ball python (D:3)
  11 bats
  A giant cockroach (D:3)
  4 giant newts
  13 kobolds
  12 rats
110 creatures vanquished.

Notes
Turn   | Place    | Note
--------------------------------------------------------------
     0 | D:1      | Ololoev, the Ogre Gladiator, began the quest for the Orb.
     0 | D:1      | Reached XP level 1. HP: 22/22 MP: 1/1
   531 | D:1      | Reached XP level 2. HP: 26/29 MP: 2/2
   743 | D:1      | Reached skill level 5 in Maces & Flails
  1206 | D:2      | Reached XP level 3. HP: 29/36 MP: 3/3
  1668 | D:2      | Noticed Terence
  1695 | D:2      | Killed Terence
  1695 | D:2      | Reached skill level 6 in Maces & Flails
  1779 | D:1      | Reached XP level 4. HP: 28/44 MP: 4/4
  2280 | D:3      | Reached skill level 7 in Maces & Flails
  2414 | D:3      | Reached XP level 5. HP: 39/50 MP: 5/5
  3105 | D:3      | Reached skill level 1 in Evocations
  3282 | D:3      | Reached skill level 8 in Maces & Flails
  3295 | D:4      | Reached XP level 6. HP: 51/59 MP: 7/7
  3616 | D:4      | Found a burning altar of Makhleb.
  3709 | D:4      | Noticed an ogre
  3720 | D:4      | Killed an ogre
  3720 | D:4      | Reached skill level 9 in Maces & Flails
  3766 | D:4      | Reached XP level 7. HP: 39/66 MP: 9/9
  3952 | D:4      | Noticed an ogre
  3959 | D:4      | Killed an ogre
  3959 | D:4      | Reached skill level 10 in Maces & Flails
  4176 | D:4      | Found an opulent altar of Gozag.
  4192 | D:4      | Became a worshipper of Gozag Ym Sagoz the Greedy
  4412 | D:5      | Entered Level 5 of the Dungeon
  4481 | D:5      | Found Shuqye's Assorted Antiques.
  4507 | D:5      | Killed from afar by an orc priest

Action                   |  1- 3 |  4- 6 |  7- 9 || total
-------------------------+-------+-------+-------++-------
Melee: Flail             |   101 |   169 |    66 ||   336
       Unarmed           |     7 |       |       ||     7
Throw: Throwing net      |     5 |     3 |       ||     8
Invok: Potion Petition   |       |       |     1 ||     1
Evoke: Wand              |       |    11 |       ||    11
  Use: Scroll            |       |     6 |       ||     6
       Potion            |       |       |     2 ||     2
 Stab: Held in net/web   |       |     1 |       ||     1
  Eat: Chunk             |     2 |     7 |     2 ||    11
